 Dungeon Crawl Stone Soup version 0.26-a0-606-g3c8f2f65f7 (webtiles) character file.

Game seed: 13402063571211400982

1458 ANON1729 the Covered (level 8, -7/61 HPs)
             Began as a Gnoll Wanderer on Sept 2, 2020.
             Was a Follower of the Shining One.
             Mangled by an orc warrior
             ... wielding a +0 glaive
              (13 damage)
             ... on level 6 of the Dungeon.
             The game lasted 00:12:50 (8748 turns).

ANON1729 the Covered (Gnoll Wanderer)               Turns: 8748, Time: 00:12:51

Health: -7/61      AC:  8    Str: 14    XL:     8   Next: 76%
Magic:  14/14      EV: 13    Int: 18    God:    the Shining One [*.....]
Gold:   274        SH:  5    Dex: 14    Spells: 12/16 levels left

rFire    . . .     SeeInvis .   a - +3 mace (flame)
rCold    . . .     Faith    .   r - +0 buckler
rNeg     + . .     Spirit   .   p - +0 leather armour
rPois    +         Reflect  .   (no helmet)
rElec    .         Harm     .   e - +0 cloak
rCorr    .                      i - +2 pair of gloves
MR       .....                  (no boots)
Stlth    +.........             (no amulet)
HPRegen  0.20/turn              n - ring of positive energy
MPRegen  0.14/turn              d - ring of poison resistance

@: glowing
A: distributed training, fangs 1, strong nose
a: Renounce Religion


You were on level 6 of the Dungeon.
You worshipped the Shining One.
The Shining One was aware of your devotion.
You visited 1 branch of the dungeon, and saw 6 of its levels.
You also visited: Ossuary.

You collected 274 gold pieces.

Inventory:

Hand Weapons
 a - a +3 mace of flaming (weapon)
Missiles
 q - 50 stones (quivered)
 u - 16 poisoned darts
Armour
 c - a +0 pair of gloves of dexterity
 e - a +0 cloak (worn)
 i - a +2 pair of gloves (worn)
 p - a +0 leather armour (worn)
 r - a +0 buckler (worn)
Jewellery
 d - a ring of poison resistance (right hand)
 n - a ring of positive energy (left hand)
Scrolls
 k - 6 scrolls of magic mapping
 l - 8 scrolls of amnesia
 t - a scroll of identify
 v - a scroll of teleportation
Potions
 b - 4 potions of curing
 f - a potion of resistance {unknown}
 g - a potion of mutation {unknown}
 h - 3 potions of stabbing {unknown}
 j - 2 potions of flight {unknown}
 m - a potion of haste
 o - a potion of ambrosia {unknown}
 s - 2 potions of brilliance
 w - a potion of magic {unknown}
 z - a potion of cancellation {unknown}
 A - a potion of heal wounds {unknown}


   Skills:
 + Level 4.4 Fighting
 + Level 3.5 Short Blades
 + Level 3.5 Long Blades
 + Level 3.5 Axes
 + Level 5.8 Maces & Flails
 + Level 3.5 Polearms
 + Level 3.5 Staves
 + Level 3.5 Slings
 + Level 3.5 Bows
 + Level 3.5 Crossbows
 + Level 3.5 Throwing
 + Level 5.8 Armour
 + Level 3.5 Dodging
 + Level 4.3 Stealth
 + Level 3.5 Shields
 + Level 3.5 Unarmed Combat
 + Level 4.6 Spellcasting
 + Level 3.6 Conjurations
 + Level 2.9 Hexes
 + Level 2.9 Summonings
 + Level 2.9 Necromancy
 + Level 2.9 Translocations
 + Level 3.6 Transmutations
 + Level 2.9 Fire Magic
 + Level 2.9 Ice Magic
 + Level 2.9 Air Magic
 + Level 2.9 Earth Magic
 + Level 2.9 Poison Magic
 + Level 3.9 Invocations
 + Level 4.4 Evocations


You had 12 spell levels left.
You knew the following spells:

 Your Spells              Type           Power        Failure   Level
a - Sandblast             Erth           ##....       5%          1
b - Stone Arrow           Conj/Erth      ###...       14%         3

Your spell library contained the following spells:

 Spells                   Type           Power        Failure   Level
 Animate Skeleton         Necr           ##....       5%          1
 Pain                     Necr           ##..         5%          1
 Confusing Touch          Hex            ##......     16%         3
 Gell's Gravitas          Tloc           ##........   16%         3
 Vampiric Draining        Necr           ##........   16%         3
 Petrify                  Tmut/Erth      ###.....     41%         4
 Animate Dead             Necr           ##........   45%         4
 Yara's Violent Unravell  Hex/Tmut       ###.......   77%         5
 Agony                    Necr           ##......     82%         5
 Metabolic Englaciation   Hex/Ice        ##........   82%         5


Dungeon Overview and Level Annotations

Branches:
Dungeon (6/15)             Temple (0/1) D:6         Ossuary (visited)

Altars:
Ashenzari
Gozag
Okawaru
Qazlal
The Shining One


Innate Abilities, Weirdness & Mutations

Your experience applies equally to all skills.
You have very sharp teeth.
Your uncanny sense of smell can sniff out nearby items.


Message History

You are too injured to fight recklessly!
You are too injured to fight recklessly!
You are too injured to fight recklessly!
You are too injured to fight recklessly!
You are too injured to fight recklessly!
You are too injured to fight recklessly!
You are too injured to fight recklessly!
You hit the orc wizard. You burn the orc wizard.
You kill the orc wizard!
You block the orc warrior's attack.
You hit the orc warrior. You burn the orc warrior.
The orc warrior is moderately wounded.
The orc warrior closely misses you.
You hit the orc warrior. You burn the orc warrior.
You bite the orc warrior, but do no damage.
The orc warrior is moderately wounded.
The orc warrior hits you with a +0 glaive!!
* * * LOW HITPOINT WARNING * * *
The orc warrior hits you from afar with a +0 glaive!
You die...

..#...........#
###.....#.....# ##
..#.#...#.....## ∆..#
.#..)#..#.....(# ...#
#.....#.#......#####...#
.......##.####.........#
....#####........)o....#
.......##.......).#
#.....#.#.......@.#
.#...#..#....##)..#...
..#.#..[##.............
###§....######.........
..#.#...# ##....####
.#...#..# ....##
#.....#.# #....#
.......## ..####
....#### ∆.#


You could see an orc warrior.

Vanquished Creatures
  An ice beast (D:4)
  A phantom (D:6)
  An ogre (D:6)
  3 centaurs
  A bullfrog (D:6)
  A scorpion (D:5)
  A hound (D:6)
  5 orc priests
  2 orc wizards
  2 jellies (D:6)
  Ijyb (D:3)
  Terence (D:2)
  Natasha (thrice) (D:2)
  12 mummies (Ossuary)
  6 gnolls
  4 adders
  A shadow imp (D:4)
  3 ufetubi
  An ooze (D:1)
  2 adder skeletons
  An adder zombie (D:5)
  6 worms
  3 dart slugs (D:1)
  6 leopard geckos
  12 orcs
  A ball python (D:3)
  4 giant cockroaches
  11 goblins
  6 hobgoblins
  15 jackals
  3 quokkas
  9 bats
  2 frilled lizards
  2 gnoll skeletons (Ossuary)
  2 goblin skeletons (Ossuary)
  5 kobolds
  2 kobold skeletons (Ossuary)
  2 orc skeletons (Ossuary)
  A quokka skeleton (D:6)
  A quokka zombie (D:6)
  3 rats
  11 rat skeletons (Ossuary)
160 creatures vanquished.

Vanquished Creatures (others)
  An orc (D:3)
  A rat (D:3)
2 creatures vanquished.

Grand Total: 162 creatures vanquished

Notes
Turn   | Place    | Note
-------+----------+-------------------------------------------
     0 | D:1      | ANON1729 the Gnoll Wanderer began the quest for the Orb.
     0 | D:1      | ANON1729 set off with the following items: a +2 mace, a +0
                  | ring mail; and the following spell memorised: Sandblast;
                  | and the following spells available to memorise: Stone Arrow
     0 | D:1      | Reached XP level 1. HP: 17/17 MP: 4/4
   140 | D:1      | Reached XP level 2. HP: 19/23 MP: 5/5
   481 | D:1      | Reached XP level 3. HP: 26/28 MP: 7/7
   787 | D:2      | Noticed Terence
   803 | D:2      | Killed Terence
   803 | D:2      | Reached skill level 1 in Short Blades
   803 | D:2      | Reached skill level 1 in Long Blades
   803 | D:2      | Reached skill level 1 in Axes
   803 | D:2      | Reached skill level 1 in Polearms
   803 | D:2      | Reached skill level 1 in Staves
   803 | D:2      | Reached skill level 1 in Slings
   803 | D:2      | Reached skill level 1 in Bows
   803 | D:2      | Reached skill level 1 in Crossbows
   803 | D:2      | Reached skill level 1 in Throwing
   803 | D:2      | Reached skill level 1 in Dodging
   803 | D:2      | Reached skill level 1 in Shields
   803 | D:2      | Reached skill level 1 in Unarmed Combat
   803 | D:2      | Reached skill level 1 in Invocations
   803 | D:2      | Reached XP level 4. HP: 22/34 MP: 8/8
   990 | D:2      | Noticed Natasha
  1001 | D:2      | Killed Natasha
  1001 | D:2      | Reached skill level 1 in Hexes
  1001 | D:2      | Reached skill level 1 in Summonings
  1001 | D:2      | Reached skill level 1 in Necromancy
  1001 | D:2      | Reached skill level 1 in Translocations
  1001 | D:2      | Reached skill level 1 in Fire Magic
  1001 | D:2      | Reached skill level 1 in Ice Magic
  1001 | D:2      | Reached skill level 1 in Air Magic
  1001 | D:2      | Reached skill level 1 in Earth Magic
  1001 | D:2      | Reached skill level 1 in Poison Magic
  1427 | D:2      | Reached XP level 5. HP: 40/40 MP: 9/9
  1470 | D:2      | Noticed Natasha
  1479 | D:2      | Killed Natasha
  1938 | D:2      | Noticed Natasha
  1952 | D:2      | Killed Natasha
  2503 | D:3      | Found a stormy altar of Qazlal.
  2535 | D:3      | Noticed Ijyb
  2589 | D:3      | Killed Ijyb
  2589 | D:3      | Reached XP level 6. HP: 11/47 MP: 10/10
  2897 | D:3      | Learned a level 3 spell: Stone Arrow
  3286 | D:3      | Reached skill level 5 in Maces & Flails
  3286 | D:3      | Reached skill level 5 in Armour
  4163 | D:4      | Found a sand-covered staircase.
  4188 | Ossuary  | Entered an ossuary
  4459 | Ossuary  | HP: 2/47 [mummy (16)]
  5372 | Ossuary  | Reached XP level 7. HP: 52/52 MP: 12/12
  6124 | D:4      | Found an opulent altar of Gozag.
  6126 | D:4      | Found an iron altar of Okawaru.
  6236 | D:4      | Found a glowing golden altar of the Shining One.
  6239 | D:4      | Found a shattered altar of Ashenzari.
  6434 | D:5      | Entered Level 5 of the Dungeon
  6641 | D:4      | Became a worshipper of the Shining One
  7131 | D:5      | Reached XP level 8. HP: 54/60 MP: 14/14
  7339 | D:5      | HP: 3/60 [centaur (7)]
  7340 | D:5      | HP: 1/60 [centaur (7)]
  7800 | D:6      | Reached * piety under the Shining One
  8575 | D:6      | Found a staircase to the Ecumenical Temple.
  8748 | D:6      | Mangled by an orc warrior

Illustrated notes

Levels and vault maps discovered:
D:1:      evilmike_arrival_rings, layout_basic
D:2:      layout_basic, uniq_natasha, uniq_terence
D:3:      layout_basic, lemuel_coloured_pillars_altar, uniq_ijyb
D:4:      layout_loops_cross, nicolae_overflow_hidden_temple,
          nicolae_ossuary_entry_false_entrances
D:5:      layout_cave_pools
D:6:      layout_rooms, temple_green, hangedman_decor_diamond_cutter,
          grunt_tough_drop

Skill      XL: |  1  2  3  4  5  6  7  8 |
---------------+-------------------------+-----
Conjurations   | 2 3 |  3.6
Transmutations | 2 3 |  3.6
Short Blades   | 1 2 3 |  3.5
Long Blades    | 1 2 3 |  3.5
Axes           | 1 2 3 |  3.5
Polearms       | 1 2 3 |  3.5
Staves         | 1 2 3 |  3.5
Slings         | 1 2 3 |  3.5
Bows           | 1 2 3 |  3.5
Crossbows      | 1 2 3 |  3.5
Throwing       | 1 2 3 |  3.5
Dodging        | 1 2 3 |  3.5
Shields        | 1 2 3 |  3.5
Unarmed Combat | 1 2 3 |  3.5
Invocations    | 1 2 3 |  3.9
Spellcasting   | 3 4 |  4.6
Hexes          | 1 2 |  2.9
Summonings     | 1 2 |  2.9
Necromancy     | 1 2 |  2.9
Translocations | 1 2 |  2.9
Fire Magic     | 1 2 |  2.9
Ice Magic      | 1 2 |  2.9
Air Magic      | 1 2 |  2.9
Earth Magic    | 1 2 |  2.9
Poison Magic   | 1 2 |  2.9
Fighting       | 3 4 |  4.4
Evocations     | 3 4 |  4.4
Stealth        | 3 4 |  4.3
Maces & Flails | 5 |  5.8
Armour         | 5 |  5.8

Action                   |  1- 3 |  4- 6 |  7- 9 || total
-------------------------+-------+-------+-------++-------
Melee: Mace              |    79 |   250 |    32 ||   361
       Bite              |    10 |    30 |    31 ||    71
       Punch             |       |     1 |     2 ||     3
       Hand axe          |       |    66 |   212 ||   278
 Cast: Sandblast         |       |    41 |    64 ||   105
       Stone Arrow       |       |       |     1 ||     1
  Use: Scroll            |       |     8 |     6 ||    14
       Potion            |       |       |     3 ||     3
 Stab: Sleeping          |     1 |     2 |       ||     3
Armor: Ring mail         |    34 |   137 |       ||   171
       Leather armour    |       |    23 |    94 ||   117
Dodge: Dodged            |    49 |   219 |   213 ||   481
Block: Buckler           |       |       |    55 ||    55

Table legend: (Time is in decaauts)
 A = Elapsed time spent in this place.
 B = Non-inter-level travel time spent in this place.
 C = Inter-level travel time spent in this place.
 D = Time resting spent in this place.
 E = Time spent auto-exploring this place.
 F = Levels seen in this place.
 G = Mean time per level.
                   A        B        C        D        E       F      G
               +--------+--------+--------+--------+--------+-----+--------+
         Total |   8854 |   8441 |    413 |   3668 |   3134 |   7 | 1264.9 |
       Dungeon |   7410 |   6997 |    413 |   2626 |   3014 |   6 | 1235.0 |
       Ossuary |   1444 |   1444 |      0 |   1042 |    120 |   1 | 1444.0 |
               +--------+--------+--------+--------+--------+-----+--------+

Top non-repeatable levels by time:
     D:2: 1629 daAuts
     D:3: 1561 daAuts
 Ossuary: 1444 daAuts
     D:5: 1245 daAuts
     D:4: 1133 daAuts
     D:1: 935 daAuts
     D:6: 904 daAuts
